SR
LADUE RAMS @ PHOENIX HOTSPUR ACADEMY
07/25/2034
 
TOP OF THE 1ST
Ladue Rams batting - Pitching for Phoenix Hotspur Academy : LHP Tim Lockhart
Pitching: LHP Tim Lockhart
Batting: RHB Dick Melton 0-0: Ball
1-0: Foul Ball, location: 2F
1-1: Ball
2-1: Foul Ball, location: 2F
2-2: Foul Ball, location: 2F
2-2: Ball
3-2: Base on Balls
Batting: RHB Daron Mack 0-0: Called Strike
0-1: Foul Ball, location: 2F
0-2: Fly out, F7 (Flyball, 7LSF)
Batting: RHB Louie Kennard 0-0: Ball
1-0: Ball
2-0: Ball
Dick Melton steals 2nd base
3-0: Called Strike
3-1: Fly out, F7 (Flyball, 7D)
Batting: RHB Noel Peterson 0-0: Ball
1-0: Called Strike
1-1: Ground out 4-3 (Groundball, 4)
Top of the 1st over - 0 runs, 0 hits, 0 errors, 1 left on base; Ladue 0 - Phoenix 0
BOTTOM OF THE 1ST
Phoenix Hotspur Academy batting - Pitching for Ladue Rams : LHP Vasile Alexandrescu
Pitching: LHP Vasile Alexandrescu
Batting: RHB Brad Lamb 0-0: Called Strike
0-1: Swinging Strike
0-2: Ball
1-2: Strikes out swinging
Batting: RHB Paco González 0-0: Ball
1-0: Fly out, F4 (Popup, 34)
Batting: RHB Brit Davis 0-0: Ball
1-0: SINGLE (Line Drive, 6MD)
Batting: RHB Nathan Pruitt 0-0: Foul Ball, location: 2F
0-1: Called Strike
0-2: Fielders Choice at 2nd, 6-4 (Groundball, 6)
Bottom of the 1st over - 0 runs, 1 hit, 0 errors, 1 left on base; Ladue 0 - Phoenix 0
TOP OF THE 2ND
Ladue Rams batting - Pitching for Phoenix Hotspur Academy : LHP Tim Lockhart
Batting: RHB Y-Tic Amanap 0-0: Called Strike
0-1: Foul Ball, location: 2F
0-2: Ground out 6-3 (Groundball, 6)
Batting: LHB Bill Dixon 0-0: Foul Ball, location: 2F
0-1: Ball
1-1: Foul Ball, location: 2F
1-2: Strikes out swinging
Batting: LHB Harry Cornelis 0-0: Called Strike
0-1: Ball
1-1: Ball
2-1: Ground out 6-3 (Groundball, 6)
Top of the 2nd over - 0 runs, 0 hits, 0 errors, 0 left on base; Ladue 0 - Phoenix 0
BOTTOM OF THE 2ND
Phoenix Hotspur Academy batting - Pitching for Ladue Rams : LHP Vasile Alexandrescu
Batting: RHB Ronnie Wise 0-0: Called Strike
0-1: Fly out, F7 (Flyball, 7)
Batting: LHB Pancho Coloma 0-0: Ball
1-0: Foul Ball, location: 2F
1-1: Called Strike
1-2: Ball
2-2: Ball
3-2: Base on Balls
Batting: RHB Frank Ray 0-0: Ball
1-0: SINGLE (Groundball, 4) (infield hit)
Pancho Coloma to second
Batting: RHB Felipe Hernández 0-0: Called Strike
0-1: Foul Ball, location: 2F
0-2: Ball
1-2: Strikes out swinging
Batting: LHB Daniel Joseph 0-0: Ball
1-0: Called Strike
1-1: Ball
2-1: Ball
3-1: Swinging Strike
3-2: Ground out 6-3 (Groundball, 6)
Bottom of the 2nd over - 0 runs, 1 hit, 0 errors, 2 left on base; Ladue 0 - Phoenix 0
TOP OF THE 3RD
Ladue Rams batting - Pitching for Phoenix Hotspur Academy : LHP Tim Lockhart
Batting: RHB Ik-jun Cho 0-0: Called Strike
0-1: Foul Ball, location: 2F
0-2: Strikes out swinging
Batting: RHB Jacob King 0-0: Ball
1-0: Swinging Strike
1-1: Foul Ball, location: 2F
1-2: Foul Ball, location: 2F
1-2: Ball
2-2: Strikes out swinging
Batting: RHB Dick Melton 0-0: Ball
1-0: Fly out, F6 (Line Drive, 56D)
Top of the 3rd over - 0 runs, 0 hits, 0 errors, 0 left on base; Ladue 0 - Phoenix 0
BOTTOM OF THE 3RD
Phoenix Hotspur Academy batting - Pitching for Ladue Rams : LHP Vasile Alexandrescu
Batting: RHB Brad Lamb 0-0: Ball
1-0: SINGLE (Flyball, 89S)
Batting: RHB Paco González 0-0: Ball
1-0: Ball
2-0: Swinging Strike
2-1: Foul Ball, location: 2F
2-2: Foul Ball, location: 2F
2-2: Foul Ball, location: 2F
2-2: Strikes out looking
Batting: RHB Brit Davis 0-0: Fly out, F7 (Flyball, 7D)
Batting: RHB Nathan Pruitt 0-0: Ball
1-0: Fly out, F9 (Flyball, 89M)
Bottom of the 3rd over - 0 runs, 1 hit, 0 errors, 1 left on base; Ladue 0 - Phoenix 0
TOP OF THE 4TH
Ladue Rams batting - Pitching for Phoenix Hotspur Academy : LHP Tim Lockhart
Batting: RHB Daron Mack 0-0: Ball
1-0: Ball
2-0: Ball
3-0: Base on Balls
Batting: RHB Louie Kennard 0-0: Ball
1-0: Called Strike
1-1: Ball
2-1: Ball
3-1: Foul Ball, location: 2F
3-2: TRIPLE (Flyball, 9D)
Daron Mack scores
Batting: RHB Noel Peterson 0-0: Called Strike
0-1: Ball
1-1: Ball
2-1: Fly out, F9 (Flyball, 9S)
Runner from 3rd tags up, SCORES, throw made
Batting: RHB Y-Tic Amanap 0-0: Called Strike
0-1: Ball
1-1: Fly out, F4 (Line Drive, 4)
Batting: LHB Bill Dixon 0-0: Swinging Strike
0-1: Swinging Strike
0-2: Ball
1-2: Strikes out swinging
Top of the 4th over - 2 runs, 1 hit, 0 errors, 0 left on base; Ladue 2 - Phoenix 0
BOTTOM OF THE 4TH
Phoenix Hotspur Academy batting - Pitching for Ladue Rams : LHP Vasile Alexandrescu
Batting: RHB Ronnie Wise 0-0: Ball
1-0: Ball
2-0: Swinging Strike
2-1: Swinging Strike
2-2: Foul Ball, location: 2F
2-2: Ball
3-2: SINGLE (Groundball, 34D)
Batting: LHB Pancho Coloma 0-0: Ball
1-0: Called Strike
1-1: Grounds into double play, 5-4-3 (Groundball, 56)
Batting: RHB Frank Ray 0-0: Ball
1-0: Fly out, F9 (Flyball, 89M)
Bottom of the 4th over - 0 runs, 1 hit, 0 errors, 0 left on base; Ladue 2 - Phoenix 0
TOP OF THE 5TH
Ladue Rams batting - Pitching for Phoenix Hotspur Academy : LHP Tim Lockhart
Batting: LHB Harry Cornelis 0-0: Called Strike
0-1: Hit by Pitch
Batting: RHB Ik-jun Cho 0-0: Sac Bunt - play at first, batter OUT! 3-4
Harry Cornelis to second
Batting: RHB Jacob King 0-0: Called Strike
0-1: Swinging Strike
0-2: Strikes out looking
Batting: RHB Dick Melton 0-0: Ball
1-0: Called Strike
1-1: Ball
2-1: Ball
3-1: Base on Balls
Batting: RHB Daron Mack 0-0: Ball
1-0: Ball
2-0: Ball
3-0: Called Strike
3-1: SINGLE (Flyball, 8LS)
Harry Cornelis to third
Dick Melton to second
Runner from 3rd tries for Home, SAFE, no throw
Batting: RHB Louie Kennard 0-0: Ball
1-0: Called Strike
1-1: Foul Ball, location: 2F
1-2: Strikes out swinging
Top of the 5th over - 1 run, 1 hit, 0 errors, 2 left on base; Ladue 3 - Phoenix 0
BOTTOM OF THE 5TH
Phoenix Hotspur Academy batting - Pitching for Ladue Rams : LHP Vasile Alexandrescu
Batting: RHB Felipe Hernández 0-0: Ball
1-0: Foul Ball, location: 2F
1-1: Ball
2-1: Ground out 4-3 (Groundball, 4)
Batting: LHB Daniel Joseph 0-0: Ball
1-0: Called Strike
1-1: Called Strike
1-2: Fly out, F4 (Flyball, 34D)
Batting: RHB Brad Lamb 0-0: Ground out 6-3 (Groundball, 6MD)
Bottom of the 5th over - 0 runs, 0 hits, 0 errors, 0 left on base; Ladue 3 - Phoenix 0
TOP OF THE 6TH
Ladue Rams batting - Pitching for Phoenix Hotspur Academy : LHP Tim Lockhart
Batting: RHB Noel Peterson 0-0: Ball
1-0: DOUBLE (Line Drive, 89D)
Batting: RHB Y-Tic Amanap 0-0: Called Strike
0-1: Swinging Strike
0-2: Strikes out swinging
Batting: LHB Bill Dixon 0-0: Fly out, F8 (Flyball, 8RXD)
Runner from 2nd tags up, SAFE at 3rd, no throw
Batting: LHB Harry Cornelis 0-0: Called Strike
0-1: Ground out 6-3 (Groundball, 6D)
Top of the 6th over - 0 runs, 1 hit, 0 errors, 1 left on base; Ladue 3 - Phoenix 0
BOTTOM OF THE 6TH
Phoenix Hotspur Academy batting - Pitching for Ladue Rams : LHP Vasile Alexandrescu
Batting: RHB Paco González 0-0: Foul Ball, location: 2F
0-1: Ball
1-1: Ball
2-1: Ball
3-1: Called Strike
3-2: Base on Balls
Batting: RHB Brit Davis 0-0: Ball
1-0: SINGLE (Groundball, 6MD)
Paco González to second
Runner from 2nd tries for 3rd, SAFE, no throw
Batting: RHB Nathan Pruitt 0-0: Called Strike
0-1: Swinging Strike
0-2: Ball
1-2: Ball
2-2: Foul Ball, location: 2F
2-2: Ball
3-2: Grounds into double play, 5-4-3 (Groundball, 56)
Paco González scores
Batting: RHB Ronnie Wise 0-0: Foul Ball, location: 2F
0-1: Swinging Strike
0-2: Ball
1-2: Strikes out swinging
Bottom of the 6th over - 1 run, 1 hit, 0 errors, 0 left on base; Ladue 3 - Phoenix 1
TOP OF THE 7TH
Ladue Rams batting - Pitching for Phoenix Hotspur Academy : LHP Tim Lockhart
Batting: RHB Ik-jun Cho 0-0: Called Strike
0-1: Swinging Strike
0-2: Ball
1-2: Foul Ball, location: 2F
1-2: Strikes out swinging
Batting: RHB Jacob King 0-0: SINGLE (Line Drive, 6D)
Batting: RHB Dick Melton 0-0: Ball
1-0: Ball
2-0: Ball
3-0: Called Strike
3-1: Base on Balls
Jacob King to second
Batting: RHB Daron Mack 0-0: Ball
1-0: Called Strike
1-1: Called Strike
1-2: 3-RUN HOME RUN (Flyball, 7LD), Distance : 360 ft
Pitching: RHP Bob Robertson
Batting: RHB Louie Kennard 0-0: Called Strike
0-1: Ball
1-1: Ball
2-1: Foul Ball, location: 2F
2-2: Strikes out swinging
Batting: RHB Noel Peterson 0-0: Ball
1-0: SINGLE (Groundball, 34S) (infield hit)
Batting: RHB Y-Tic Amanap 0-0: Called Strike
0-1: Called Strike
0-2: Ball
1-2: Strikes out looking
Top of the 7th over - 3 runs, 3 hits, 0 errors, 1 left on base; Ladue 6 - Phoenix 1
BOTTOM OF THE 7TH
Phoenix Hotspur Academy batting - Pitching for Ladue Rams : LHP Vasile Alexandrescu
Batting: LHB Pancho Coloma 0-0: Called Strike
0-1: Foul Ball, location: 2F
0-2: Ball
1-2: Foul Ball, location: 2F
1-2: Foul Ball, location: 2F
1-2: Ball
2-2: Ball
3-2: Strikes out swinging
Batting: RHB Frank Ray 0-0: Foul Ball, location: 2F
0-1: Ball
1-1: Called Strike
1-2: Ball
2-2: Strikes out swinging
Batting: RHB Felipe Hernández 0-0: Ball
1-0: Called Strike
1-1: Ball
2-1: Foul Ball, location: 2F
2-2: Fly out, F3 (Popup, 34S)
Bottom of the 7th over - 0 runs, 0 hits, 0 errors, 0 left on base; Ladue 6 - Phoenix 1
TOP OF THE 8TH
Ladue Rams batting - Pitching for Phoenix Hotspur Academy : RHP Bob Robertson
Batting: LHB Bill Dixon 0-0: Foul Ball, location: 2F
0-1: Ball
1-1: Foul Ball, location: 2F
1-2: Foul Ball, location: 2F
1-2: Ball
2-2: Fly out, F8 (Flyball, 8RXD)
Batting: LHB Harry Cornelis 0-0: Ball
1-0: Ball
2-0: Ball
3-0: Called Strike
3-1: Base on Balls
Batting: RHB Ik-jun Cho 0-0: Called Strike
0-1: Called Strike
0-2: Ball
1-2: Strikes out swinging
Batting: RHB Jacob King 0-0: Ground out 4-3 (Groundball, 4S)
Top of the 8th over - 0 runs, 0 hits, 0 errors, 1 left on base; Ladue 6 - Phoenix 1
BOTTOM OF THE 8TH
Phoenix Hotspur Academy batting - Pitching for Ladue Rams : LHP Vasile Alexandrescu
Now at C: Carlos Santos
Batting: LHB Daniel Joseph 0-0: Ball
1-0: Ball
2-0: SINGLE (Line Drive, 89M)
Batting: RHB Brad Lamb 0-0: Ball
1-0: Ball
2-0: Ball
3-0: Called Strike
3-1: Fielders Choice at 2nd, 2-6 (Groundball, 2R)
Batting: RHB Paco González 0-0: Called Strike
0-1: Ball
1-1: Ball
2-1: Ball
3-1: Grounds into double play, 5-4-3 (Groundball, 56)
Bottom of the 8th over - 0 runs, 1 hit, 0 errors, 0 left on base; Ladue 6 - Phoenix 1
TOP OF THE 9TH
Ladue Rams batting - Pitching for Phoenix Hotspur Academy : RHP Bob Robertson
Pitching: RHP Ernesto García
Batting: RHB Dick Melton 0-0: Foul Ball, location: 2F
0-1: Foul Ball, location: 2F
0-2: Reached on error, E4 (Groundball, 4)
Batting: RHB Daron Mack 0-0: Ball
1-0: Ball
2-0: Ball
3-0: Base on Balls
Dick Melton to second
Batting: RHB Louie Kennard 0-0: SINGLE (Groundball, 4MD)
Dick Melton to third
Daron Mack to second
Batting: RHB Noel Peterson 0-0: SINGLE (Line Drive, 7)
Dick Melton scores
Daron Mack to third
Louie Kennard to second
Batting: RHB Y-Tic Amanap 0-0: Swinging Strike
0-1: Foul Ball, location: 2F
0-2: Fly out, F8 (Flyball, 8LS)
Runner from 3rd tags up, SCORES, no throw
Batting: LHB Bill Dixon 0-0: Called Strike
0-1: Foul Ball, location: 2F
0-2: Hit by Pitch
Louie Kennard to third
Noel Peterson to second
Batting: LHB Harry Cornelis 0-0: Ball
1-0: Foul Ball, location: 2F
1-1: Ball
2-1: Swinging Strike
2-2: Ball
3-2: Foul Ball, location: 2F
3-2: Foul Ball, location: 2F
3-2: Strikes out swinging
Batting: RHB Ik-jun Cho 0-0: Ball
1-0: Foul Ball, location: 2F
1-1: Foul Ball, location: 2F
1-2: Ground out 4-3 (Groundball, 4)
Top of the 9th over - 2 runs, 2 hits, 1 error, 3 left on base; Ladue 8 - Phoenix 1
BOTTOM OF THE 9TH
Phoenix Hotspur Academy batting - Pitching for Ladue Rams : LHP Vasile Alexandrescu
Now in LF: Miguel Román
Batting: RHB Brit Davis 0-0: Ground out 6-3 (Groundball, 6)
Batting: RHB Nathan Pruitt 0-0: Swinging Strike
0-1: DOUBLE (Groundball, 5L)
Batting: RHB Ronnie Wise 0-0: Foul Ball, location: 2F
0-1: Hit by Pitch
Batting: LHB Pancho Coloma 0-0: Ball
1-0: Ball
2-0: Called Strike
2-1: Ball
3-1: Base on Balls
Nathan Pruitt to third
Ronnie Wise to second
Pitching: LHP James Callendar
Batting: RHB Frank Ray 0-0: Called Strike
0-1: Ball
1-1: Foul Ball, location: 2F
1-2: Fly out, F8 (Flyball, 8RD)
Runner from 3rd tags up, SCORES, no throw
Batting: RHB Felipe Hernández 0-0: Called Strike
0-1: Foul Ball, location: 2F
0-2: Ball
1-2: Strikes out swinging
Bottom of the 9th over - 1 run, 1 hit, 0 errors, 2 left on base; Ladue 8 - Phoenix 2
Friday, March 29th, 2019 - OOTP Baseball 18.8 Build 76